 Dungeon Crawl Stone Soup version 0.30-a0-540-g0af01429fa (webtiles) character file.

Game seed: 12080507505435968837

492 Jase the Shooter (level 7, -1/38 HPs)
             Began as a Kobold Hexslinger on Dec 26, 2022.
             Was an Initiate of Nemelex Xobeh.
             Slain by an ogre
             ... wielding a +0 giant club
              (17 damage)
             ... on level 5 of the Dungeon.
             The game lasted 00:18:35 (4455 turns).

Jase the Shooter (Kobold Hexslinger)                Turns: 4455, Time: 00:18:36

Health: -1/38      AC:  5    Str:  7    XL:     7   Next: 37%
Magic:  0/8        EV: 15    Int: 14    God:    Nemelex Xobeh [......]
Gold:   27         SH:  0    Dex: 18    Spells: 4/8 levels left

rFire   . . .      SeeInvis .    b - +1 whip (pain)
rCold   . . .      Faith    .    (no shield)
rNeg    . . .      Spirit   +    d - +0 robe
rPois   .          Reflect  .    u - +0 helmet
rElec   .          Harm     .    (no cloak)
rCorr   .          Rampage  .    e - +0 pair of gloves
Will    .....                    k - +0 pair of boots
Stlth   +++                      f - amulet of guardian spirit
HPRegen 0.26/turn                s - ring of flight
MPRegen 0.11/turn                (no ring)

@: flying
A: small, no large weapons, nightstalker 3
a: Renounce Religion, Draw Escape, Draw Destruction, Draw Summoning


You were on level 5 of the Dungeon.
You worshipped Nemelex Xobeh.
Nemelex Xobeh was noncommittal.
You visited 1 branch of the dungeon, and saw 5 of its levels.

You collected 227 gold pieces.
You spent 200 gold pieces at shops.

Inventory:

Hand Weapons
 a - a +2 sling
 b - a +1 whip of pain (weapon)
 c - a +0 dagger
 p - a +0 rapier
Missiles
 B - 5 atropa-tipped darts (quivered)
Armour
 d - a +0 robe (worn)
 e - a +0 pair of gloves (worn)
 k - a +0 pair of boots (worn)
 u - a +0 helmet (worn)
Jewellery
 f - an amulet of guardian spirit (around neck)
 o - a ring of ice
 s - a ring of flight (left hand)
 E - the ring "Yczup" {Drain rC+ Slay+5 Stlth+}
   (You took it off a gnoll on level 5 of the Dungeon)

   [ring of protection from cold]

   Slay:      It affects your accuracy & damage with ranged weapons and melee
   (+5).
   rC:        It protects you from cold.
   Drain:     It drains your maximum health when unequipped.
   Stlth:     It makes you more stealthy.
Wands
 z - a wand of paralysis (4)
Scrolls
 h - 3 scrolls of teleportation {unknown}
 j - a scroll of amnesia {unknown}
 l - a scroll of torment {unknown}
 m - a scroll of poison
 r - a scroll of noise {unknown}
 x - a scroll of vulnerability {unknown}
 y - a scroll of immolation {unknown}
 A - 2 scrolls of fog {unknown}
 C - 2 scrolls of fear
 D - 2 scrolls of magic mapping {unknown}
 F - a scroll of identify
Potions
 g - 4 potions of curing
 i - 2 potions of ambrosia {unknown}
 n - a potion of heal wounds
 q - a potion of resistance
 t - a potion of haste
 v - a potion of attraction {unknown}
 w - a potion of lignification {unknown}


   Skills:
 - Level 1.1 Fighting
 * Level 6.7 Ranged Weapons
 - Level 3.0 Dodging
 - Level 1.1 Spellcasting
 + Level 5.3 Hexes
 + Level 0.9 Fire Magic
 + Level 2.5 Invocations


You had 4 spell levels left.
You knew the following spells:

 Your Spells              Type           Power      Damage    Failure   Level
a - Slow                  Hex            60%        N/A       3%          1
b - Inner Flame           Hex/Fire       9%         N/A       22%         3

Your spell library contained the following spells:

 Spells                   Type           Power      Damage    Failure   Level
 Apportation              Tloc           0%         N/A       26%         1
 Necrotise                Necr           0%         1d4       26%         1
 Summon Small Mammal      Summ           0%         N/A       26%         1
 Portal Projectile        Hex/Tloc       16%        N/A       26%         3
 Cause Fear               Hex            7%         N/A       28%         4
 Sublimation of Blood     Necr           0%         N/A       36%         2
 Wereblood                Tmut           0%         N/A       36%         2
 Frozen Ramparts          Ice            0%         1d1       61%         3
 Gell's Gravitas          Tloc           0%         N/A       61%         3
 Lesser Beckoning         Tloc           0%         N/A       61%         3
 Teleport Other           Tloc           0%         N/A       61%         3
 Ice Form                 Ice/Tmut       0%         N/A       95%         4
 Summon Ice Beast         Ice/Summ       0%         N/A       95%         4
 Summon Hydra             Summ           0%         N/A       100%        7


Dungeon Overview and Level Annotations

Branches:
Dungeon (5/15)             Temple (0/1) D:4

Altars:
Makhleb
Nemelex Xobeh
Yredelemnul

Shops:
D:1 !   D:2 :   D:4 [**


Innate Abilities, Weirdness & Mutations

You are small and have problems with some larger weapons.
You are completely attuned to the shadows.


Message History

Casting: Slow (safe; 3% risk of failure)
Confirm with . or Enter, or press ? or * to list all spells.
Aiming: Slow (safe; 3% risk of failure)
Press: ? - help, Shift-Dir - straight line, f/p - ogre
Aim: an ogre, wielding a +0 giant club (moderately wounded, chance to affect: 49%)
The ogre resists with some effort.
Casting: Slow (safe; 3% risk of failure)
Confirm with . or Enter, or press ? or * to list all spells.
Aiming: Slow (safe; 3% risk of failure)
Press: ? - help, Shift-Dir - straight line, f/p - ogre
Aim: an ogre, wielding a +0 giant club (moderately wounded, chance to affect: 49%)
The ogre seems to slow down.
The gnoll shouts!
You have a feeling of ineptitude.
b - a +1 whip of pain (weapon)
You hit the gnoll.
The gnoll is moderately wounded.
The gnoll closely misses you.
You hit the gnoll.
The gnoll is moderately wounded.
The ogre is no longer moving slowly.
The gnoll barely misses you.
You completely miss the gnoll.
The gnoll is moderately wounded.
The gnoll closely misses you.
You hit the gnoll.
The gnoll is heavily wounded.
The gnoll hits you with a +0 whip. The ogre barely misses you.
You hit the gnoll.
The gnoll is severely wounded.
The gnoll hits you but does no damage. The gnoll completely misses you.
You barely miss the gnoll.
The gnoll is severely wounded.
The ogre hits you with a +0 giant club!!
Ouch! That really hurt!
The gnoll closely misses you.
You hit the gnoll.
The gnoll is almost dead.
The ogre hits you with a +0 giant club!!
You die...
Your body disappears without a glow.

.............#.............#
...#............#. ........#
#..##.......#..# .......#
...#..........## ......##
##........###.##.....
##....#...##..##.....#
......#.......##.....#.
.....###.#....##.......
......## ###..##@......
......## #...gO..(..(
....#..#####.##........
###.##........#........
#....#......#........ #
#..#.#......#........ #
##.###..............
###...##......†...
..................


You could see an ogre and a gnoll.

Vanquished Creatures
  2 phantoms (D:5)
  A howler monkey (D:5)
  A jelly (D:5)
  3 orc priests
  3 gnolls (D:5)
  3 adders
  An ufetubus (D:4)
  4 worms
  7 dart slugs
  13 orcs
  11 endoplasms
  A giant cockroach (D:2)
  5 goblins
  7 hobgoblins
  2 jackals (D:1)
  4 kobolds
  4 quokkas
  10 ball pythons
  3 bats
  3 frilled lizards
  8 rats
  A spectral orc (D:3)
97 creatures vanquished.

Notes
Turn   | Place    | Note
-------+----------+-------------------------------------------
     0 | D:1      | Jase the Kobold Hexslinger began the quest for the Orb.
     0 | D:1      | Reached XP level 1. HP: 12/12 MP: 2/2
   109 | D:1      | Reached skill level 3 in Ranged Weapons
   152 | D:1      | Reached XP level 2. HP: 14/16 MP: 1/3
   309 | D:1      | Reached XP level 3. HP: 20/20 MP: 4/4
   322 | D:1      | Found Kielaghe's Distillery.
   328 | D:1      | Bought a potion of degeneration for 11 gold pieces
   719 | D:2      | Learned a level 3 spell: Inner Flame
   770 | D:2      | Found Vaixask's Book Boutique.
   800 | D:2      | Reached skill level 4 in Ranged Weapons
   800 | D:2      | Reached XP level 4. HP: 20/25 MP: 5/5
   823 | D:2      | Reached XP level 5. HP: 5/29 MP: 1/6
  1080 | D:2      | Found a faded altar of an unknown god.
  1537 | D:3      | Reached skill level 5 in Ranged Weapons
  1537 | D:3      | Found a burning altar of Makhleb.
  1610 | D:3      | Found a basalt altar of Yredelemnul.
  1746 | D:3      | Found a sparkling altar of Nemelex Xobeh.
  2070 | D:3      | Became a worshipper of Nemelex Xobeh the Trickster
  2203 | D:4      | Reached XP level 6. HP: 33/34 MP: 7/7
  2409 | D:4      | Found Zairaf's General Store.
  2616 | D:4      | Found a staircase to the Ecumenical Temple.
  2682 | D:4      | Reached skill level 1 in Invocations
  2690 | D:4      | Found Zuallo's General Store.
  2741 | D:4      | Bought a scroll of identify for 28 gold pieces
  2741 | D:4      | Bought a scroll of fear for 56 gold pieces
  2840 | D:4      | Found Fiepicoc's Armour Emporium.
  2926 | D:5      | Entered Level 5 of the Dungeon
  3232 | D:5      | Noticed an ogre
  3601 | D:5      | Reached skill level 6 in Ranged Weapons
  3601 | D:5      | Reached skill level 5 in Hexes
  3750 | D:5      | Reached XP level 7. HP: 38/38 MP: 5/8
  3842 | D:4      | Bought a scroll of enchant weapon for 105 gold pieces
  4003 | D:5      | Identified the ring "Yczup" {Drain rC+ Slay+5 Stlth+}
  4455 | D:5      | Slain by an ogre

Illustrated notes

Levels and vault maps discovered:
D:1:      lightli_iron_boxes, layout_rooms, serial_shops, nicolae_shop_stone
D:2:      layout_basic, hellmonk_ecumenical_altar_heavens_door, serial_shops,
          shop
D:3:      layout_basic, mainiacjoe_overflow_alcove_2,
          yredelemnul_forgotten_temple_becter, lemuel_coloured_pillars_altar
D:4:      layout_loops_ring, minmay_temple_entry_gardened_gates, serial_shops,
          nicolae_lakefront_shop, shop, nicolae_inconvenience_store,
          kennysheep_generic_room_12
D:5:      layout_cave_pools

Skill      XL: |  1  2  3  4  5  6 |
---------------+-------------------+-----
Ranged Weapons | 3 4 5 6 |  6.7
Dodging        | 3 |  3.0
Hexes          | 4 5 |  5.3
Invocations    | 2 |  2.5
Fighting       | |  1.1
Spellcasting   | |  1.1
Fire Magic     | |  0.9

Action                   |  1- 3 |  4- 6 |  7- 9 || total
-------------------------+-------+-------+-------++-------
Melee: Dagger            |       |    10 |       ||    10
       Punch             |       |     1 |       ||     1
       Whip              |       |       |     7 ||     7
 Fire: Sling             |    70 |   234 |    31 ||   335
Throw: Dart              |       |       |     1 ||     1
 Cast: Slow              |     1 |    25 |    12 ||    38
  Use: Scroll            |       |     3 |     1 ||     4
 Stab: Sleeping          |       |     1 |       ||     1
Armor: Robe              |     8 |    34 |     5 ||    47
Dodge: Dodged            |    28 |    91 |    29 ||   148

Table legend: (Time is in decaauts)
 A = Elapsed time spent in this place.
 B = Non-inter-level travel time spent in this place.
 C = Inter-level travel time spent in this place.
 D = Time resting spent in this place.
 E = Time spent auto-exploring this place.
 F = Levels seen in this place.
 G = Mean time per level.
                   A        B        C        D        E       F      G
               +--------+--------+--------+--------+--------+-----+--------+
         Total |   4508 |   4088 |    420 |    524 |   2455 |   5 |  901.6 |
       Dungeon |   4508 |   4088 |    420 |    524 |   2455 |   5 |  901.6 |
               +--------+--------+--------+--------+--------+-----+--------+

Top non-repeatable levels by time:
     D:4: 1516 daAuts
     D:5: 870 daAuts
     D:3: 821 daAuts
     D:2: 711 daAuts
     D:1: 588 daAuts
